 Dungeon Crawl Stone Soup version 0.28.0-62-gf88900778d (webtiles) character file.

Game seed: 12563083175175540291

97 Coron the Covered (level 4, -2/38 HPs)
             Began as a Deep Dwarf Fire Elementalist on Mar 25, 2023.
             Was an Initiate of Yredelemnul.
             Killed from afar by Natasha (8 damage)
             ... with a puff of flame
             ... on level 3 of the Dungeon.
             The game lasted 00:07:41 (1540 turns).

Coron the Covered (Deep Dwarf Fire Elementalist)    Turns: 1540, Time: 00:07:43

Health: -2/38      AC:  3    Str: 14    XL:     4   Next: 42%
Magic:  7/7        EV: 12    Int: 15    God:    Yredelemnul [......]
Gold:   89         SH:  0    Dex: 13    Spells: 6/7 levels left

rFire   . . .      SeeInvis .   e - +4 dagger
rCold   . . .      Faith    .   (no shield)
rNeg    . . .      Spirit   .   a - +0 robe
rPois   .          Reflect  .   (no helmet)
rElec   .          Harm     .   k - +0 cloak
rCorr   .          Rampage  .   (no gloves)
Will    .....                   (no boots)
Stlth   ++........              (no amulet)
HPRegen 0.00/turn               (no ring)
MPRegen 0.10/turn               (no ring)

@: slowed, very slow
A: damage resistance, heal wounds, sense surroundings 1, no regeneration
a: Heal Wounds, Renounce Religion, Recall Undead Harvest


You were on level 3 of the Dungeon.
You worshipped Yredelemnul.
Yredelemnul was noncommittal.
You visited 1 branch of the dungeon, and saw 3 of its levels.

You collected 89 gold pieces.

Inventory:

Hand Weapons
 e - a +4 dagger (weapon)
 j - a +0 hunting sling
Missiles
 i - 99 stones
Armour
 a - a +0 robe (worn)
 d - a +0 scale mail
 k - a +0 cloak (worn)
Scrolls
 b - a scroll of silence {unknown}
 c - a scroll of identify {unknown}
 h - a scroll of teleportation
Potions
 f - a potion of brilliance {unknown}
 g - 2 potions of heal wounds {unknown}
 l - a potion of flight {unknown}


   Skills:
 - Level 1.0 Fighting
 + Level 3.6 Armour
 - Level 2.2 Dodging
 - Level 2.4 Stealth
 - Level 2.0 Spellcasting
 - Level 1.2 Conjurations
 - Level 3.0 Fire Magic


You had 6 spell levels left.
You knew the following spells:

 Your Spells              Type           Power      Damage    Failure   Level
a - Foxfire               Conj/Fire      28%        2x1d5     10%         1

Your spell library contained the following spells:

 Spells                   Type           Power      Damage    Failure   Level
 Scorch                   Fire           20%        2d6       10%         2
 Shock                    Conj/Air       12%        1d3       17%         1
 Conjure Flame            Conj/Fire      7%         6-21      28%         3
 Blink                    Tloc           2%         N/A       32%         2
 Inner Flame              Hex/Fire       6%         N/A       34%         3
 Swiftness                Air            1%         N/A       54%         3
 Flame Wave               Conj/Fire      7%         2d5       67%         4
 Airstrike                Air            0%         N/A       91%         4
 Fireball                 Conj/Fire      3%         3d4       95%         5
 Manifold Assault         Tloc           1%         N/A       99%         5
 Starburst                Conj/Fire      3%         6d3       100%        6
 Storm Form               Tmut/Air       0%         N/A       100%        7
 Ignition                 Fire           5%         3d4       100%        8


Dungeon Overview and Level Annotations

Branches:
Dungeon (3/15)

Altars:
Yredelemnul

Annotations:
D:3 Natasha


Innate Abilities, Weirdness & Mutations

You are resistant to damage.
You can heal yourself by infusing magical energy.
You passively map a small area around you.
You do not regenerate.


Message History

The magic dart hits you!
e - a +4 dagger (weapon)
You puncture Natasha!
Natasha is heavily wounded.
Natasha zaps a wand.
The puff of flame hits you!
You miss Natasha.
Natasha is heavily wounded.
Natasha mumbles some strange words.
You feel disoriented.
Natasha casts a spell.
You barely miss Natasha.
Natasha is heavily wounded.
Natasha zaps a wand.
The puff of flame hits you!
* * * LOW HITPOINT WARNING * * *
You hit Natasha.
Natasha is severely wounded.
Natasha stares at you and mumbles some strange words.
You feel yourself slow down.
Unknown command.
You completely miss Natasha.
Natasha is severely wounded.
The shadow imp barely misses you. Natasha barely misses you.
The shadow imp closely misses you. Natasha closely misses you.
You hit Natasha but do no damage.
Natasha is heavily wounded.
The shadow imp hits you.
Natasha casts a spell.
You hit Natasha.
Natasha is severely wounded.
The shadow imp completely misses you.
Natasha stares at you and mumbles some strange words.
You feel as though you will be slow longer.
The white imp barely misses you. The shadow imp misses you. Natasha misses you.
You completely miss Natasha.
Natasha is severely wounded.
The white imp closely misses you. The shadow imp hits you.
* * * LOW HITPOINT WARNING * * *
Natasha zaps a wand.
The puff of flame hits you!
You die...
Your body rises from the dead as a mindless zombie.

###.......## ##.##.# *
##.........####...#.#######
.'.........'...............
##.........####...#.######
##.......## ##.##.# *
##.....## ####.## ##...##
###...# ##+## #.5..[# , # *
*#@#...# , # .(....5h#####
######..# * * * * #..# ,
,...# * *.#.## *.#. # #. ,


You could see Natasha, a white imp (summoned) and a shadow imp (summoned).

Vanquished Creatures
  Jessica (D:2)
  An adder (D:2)
  2 endoplasms
  2 giant cockroaches (D:2)
  2 goblins (D:1)
  A hobgoblin (D:3)
  3 jackals
  2 quokkas (D:1)
  5 ball pythons
  2 bats (D:1)
  3 frilled lizards
  4 kobolds
  6 rats
34 creatures vanquished.

Vanquished Creatures (collateral kills)
  2 adders (D:2)
  2 endoplasms
  A giant cockroach (D:1)
  A hobgoblin (D:1)
  A jackal (D:1)
  A kobold (D:1)
  2 quokkas (D:1)
10 creatures vanquished.

Vanquished Creatures (others)
  2 bat zombies (D:1)
  10 foxfires
12 creatures vanquished.

Grand Total: 56 creatures vanquished

Notes
Turn   | Place    | Note
-------+----------+-------------------------------------------
     0 | D:1      | Coron the Deep Dwarf Fire Elementalist began the quest for
                  | the Orb.
     0 | D:1      | Reached XP level 1. HP: 15/15 MP: 3/3
    46 | D:1      | Found a faded altar of an unknown god.
    55 | D:1      | Reached skill level 1 in Conjurations
   130 | D:1      | Prayed at the altar of an unknown god.
   130 | D:1      | Became a worshipper of Yredelemnul the Dark
   130 | D:1      | Reached * piety under Yredelemnul
   174 | D:1      | Reached XP level 2. HP: 24/24 MP: 1/4
   394 | D:1      | Reached skill level 1 in Fighting
   446 | D:1      | Reached skill level 1 in Armour
   553 | D:1      | Reached ** piety under Yredelemnul
   720 | D:2      | Reached XP level 3. HP: 23/31 MP: 6/6
   741 | D:2      | Noticed Jessica
   749 | D:2      | Killed Jessica
   918 | D:2      | Reached XP level 4. HP: 26/38 MP: 7/7
  1526 | D:3      | Noticed Natasha
  1540 | D:3      | Killed from afar by Natasha

Illustrated notes

Levels and vault maps discovered:
D:1:      minmay_arrival_nine_rooms, layout_basic,
          hellmonk_ecumenical_altar_run_dry
D:2:      minmay_alternating_diamond, layout_loops_ring, uniq_jessica
D:3:      layout_loops_corners, serial_shops, nicolae_shop_crystal, uniq_natasha

Skill      XL: |  1  2  3 |
---------------+----------+-----
Conjurations   | 1 |  1.2
Spellcasting   | 2 |  2.0
Fire Magic     | 3 |  3.0
Fighting       | 1 |  1.0
Armour         | 1 3 |  3.6
Dodging        | |  2.2
Stealth        | |  2.4

Action                   |  1- 3 |  4- 6 || total
-------------------------+-------+-------++-------
Melee: Club              |    20 |       ||    20
       Unarmed           |     2 |       ||     2
       Dagger            |    34 |    20 ||    54
       Punch             |       |     1 ||     1
 Fire: Hunting sling     |       |     8 ||     8
 Cast: Foxfire           |     8 |       ||     8
Invok: Dark Bargain      |     1 |       ||     1
  Use: Scroll            |     1 |       ||     1
 Stab: Sleeping          |     2 |     1 ||     3
Armor: Robe              |     7 |     1 ||     8
Dodge: Dodged            |    33 |    14 ||    47
